 Dungeon Crawl Stone Soup version 0.28.0-45-g0d030f2227 (webtiles) character file.

Game seed: 13476122855750008858

10109 issech the Basher (level 11, -6/94 HPs)
             Began as a Troll Monk on Apr 4, 2022.
             Was an Elder of Hepliaklqana.
             Mangled by a chaos spawn (10 damage)
             ... summoned by a kobold demonologist
             ... on level 8 of the Dungeon.
             The game lasted 00:39:35 (9251 turns).

issech the Basher (Troll Monk)                      Turns: 9251, Time: 00:39:36

Health: -6/94      AC: 10    Str: 24    XL:     11   Next: 31%
Magic:  10/10      EV: 16    Int:  6    God:    Hepliaklqana [****..]
Gold:   583        SH:  0    Dex: 16    Spells: 10/10 levels left

rFire   + . .      SeeInvis .   w - +1 giant spiked club
rCold   . . .      Faith    .   (shield currently unavailable)
rNeg    . . .      Spirit   .   Z - +0 acid dragon scales
rPois   +          Reflect  .   (helmet restricted)
rElec   .          Harm     .   G - +1 cloak
rCorr   +          Rampage  .   (gloves unavailable)
Will    +....                   (boots unavailable)
Stlth   ++........              (no amulet)
HPRegen 1.05/turn               V - +4 ring of evasion
MPRegen 0.12/turn               t - ring "Vauchol" {rPois rF+ Will+ Str+3}

@: invisible, very slow
A: reduced essence, large, unfitting armour, claws 3, regeneration 1, shaggy fur
1, tough skin 1
a: Renounce Religion, Recall Ancestor, Ancestor Identity, Transference, Idealise


You were on level 8 of the Dungeon.
You worshipped Hepliaklqana.
Hepliaklqana was greatly pleased with you.
You visited 2 branches of the dungeon, and saw 11 of its levels.
You also visited: Ossuary.

You collected 583 gold pieces.

Inventory:

Hand Weapons
 e - a +0 arbalest
 i - a +2 dagger of protection
 q - a +0 hand crossbow of freezing
 u - a +5 dagger
 w - a +1 giant spiked club (weapon)
 M - a +1 mace
 O - a +0 mace of draining
 R - a +0 flail of protection
 T - a +2 great sword
 W - a +5 falchion
 X - a +0 morningstar
Missiles
 g - 26 poisoned darts
 j - 253 arrows
 k - 9 boomerangs
 l - 122 bolts
 n - 278 stones (quivered)
Armour
 y - a +0 troll leather armour
 B - a scarf of invisibility
 C - a +0 tower shield
 G - a +1 cloak (worn)
 Z - +0 acid dragon scales (worn)
Jewellery
 o - a ring of willpower
 t - the ring "Vauchol" (right claw) {rPois rF+ Will+ Str+3}
   (You acquired it on level 6 of the Dungeon)

   [ring of poison resistance]

   Str:       It affects your strength (+3).
   rF:        It protects you from fire.
   rPois:     It protects you from poison.
   Will:      It increases your willpower.
 v - a ring of wizardry
 E - a ring of wizardry
 F - a ring of positive energy
 H - a ring of see invisible
 V - a +4 ring of evasion (left claw)
Wands
 b - a wand of flame (6)
 r - a wand of polymorph (20)
 D - a wand of paralysis (9)
 P - a wand of mindburst (13)
 U - a wand of acid (20)
Scrolls
 a - 2 scrolls of identify
 h - 6 scrolls of teleportation
 s - 4 scrolls of magic mapping
 A - 2 scrolls of fear
 J - a scroll of amnesia
 Y - a scroll of enchant weapon
Potions
 c - 3 potions of brilliance {unknown}
 d - 8 potions of attraction {unknown}
 f - 8 potions of curing {unknown}
 m - a potion of resistance {unknown}
 p - 3 potions of heal wounds {unknown}
 x - a potion of haste {unknown}
 z - 4 potions of invisibility {unknown}
 I - a potion of magic {unknown}
 K - a potion of might {unknown}
 L - a potion of cancellation {unknown}
 N - 2 potions of degeneration {unknown}
 Q - a potion of flight {unknown}
 S - a potion of lignification {unknown}


   Skills:
 + Level 6.3 Fighting
 + Level 12.7 Maces & Flails
 + Level 1.3 Crossbows
 + Level 1.5 Throwing
 + Level 0.5 Armour
 + Level 5.8 Dodging
 + Level 3.9 Stealth


You had 10 spell levels left.
You didn't know any spells.
Your spell library contained the following spells:

 Spells                   Type           Power      Damage    Failure   Level
 Apportation              Tloc           0%         N/A       52%         1
 Corpse Rot               Necr/Air       0%         N/A       67%         2
 Call Canine Familiar     Summ           0%         N/A       88%         3
 Frozen Ramparts          Ice            0%         1d2       88%         3
 Portal Projectile        Hex/Tloc       0%         N/A       88%         3
 Ice Form                 Ice/Tmut       0%         N/A       99%         4
 Leda's Liquefaction      Hex/Erth       0%         N/A       99%         4
 Summon Ice Beast         Ice/Summ       0%         N/A       99%         4
 Blade Hands              Tmut           0%         N/A       100%        5
 Excruciating Wounds      Necr           0%         N/A       100%        5
 Simulacrum               Ice/Necr       0%         N/A       100%        6
 Haunt                    Necr/Summ      0%         N/A       100%        7


Dungeon Overview and Level Annotations

Branches:
Dungeon (10/15)            Temple (1/1) D:5            Lair (0/6) D:8
Ossuary (visited)
    Orc: D:9-12

Altars:
Ashenzari
Cheibriados
Dithmenos
Elyvilon
Fedhas
Gozag
Hepliaklqana
Kikubaaqudgha
Makhleb
Nemelex Xobeh
Okawaru
Qazlal
Ru
Sif Muna
Trog
Uskayaw
Vehumet
Wu Jian
Xom
Yredelemnul
Zin
The Shining One

Annotations:
D:8 1 transporter
D:10 exclusion: ice statue


Innate Abilities, Weirdness & Mutations

Your life essence is reduced to manifest your ancestor. (-10% HP)
You are too large for most types of armour.
You have claws for hands.
Your natural rate of healing is unusually fast.
You are covered in fur. (AC +1)
You have tough skin. (AC +1)


Message History

The smoke demon completely misses you. The smoke demon barely misses you.
The smoke demon closely misses you.
The iron imp hits you but does no damage.
The orc high priest invokes the aid of Beogh against you.
The iron imp is unaffected.
Titus barely misses the iron imp.
The kobold demonologist miscasts a cantrip.
The chaos spawn closely misses you.
You hit the chaos spawn but do no damage.
The chaos spawn is moderately wounded.
The ufetubus completely misses Titus. x2
The smoke demon gestures at you. The ball of steam hits you. You resist.
The orc priest casts a cantrip, but nothing happens.
The crimson imp closely misses you.
The orc priest invokes the aid of Beogh against you.
Beogh smites you!
* * * LOW HITPOINT WARNING * * *
The ufetubus splashes around in the water.
The ufetubus closely misses Titus.
The iron imp hits you!
* * * LOW HITPOINT WARNING * * *
Titus gestures at the chaos spawn while chanting.
The puff of frost hits the iron imp.
The iron imp resists.
The iron imp dies!
The iron imp disappears in a puff of smoke!
The chaos spawn barely misses you. The smoke demon completely misses you.
The smoke demon hits you but does no damage. x2
You closely miss the chaos spawn.
The chaos spawn is moderately wounded.
The crimson imp blinks!
The orc priest mumbles some strange prayers to Beogh against you.
Beogh smites you!
* * * LOW HITPOINT WARNING * * *
The kobold demonologist gestures wildly while chanting.
Titus hits the ufetubus with a +0 quarterstaff!
The ufetubus dies!
The ufetubus disappears in a puff of smoke!
The red devil completely misses you. The chaos spawn hits you!
* * * LOW HITPOINT WARNING * * *
The chaos spawn freezes you!
You die...

........#......'..............###
........#......##############.#
........[................# #)#
.........###############.# #.#
.........#8P#5ooK5..#≈8#.# #.#
.........#P.#≈≈≈≈≈≈≈#(P#.## #.#
######...#..#..44P..#[$#..###.#
...# #..©#©.'§.R§4..+.©#©..##.#
##.# #...#..#§§≈@3..#=$#...##.#
#.# #.#.#P.#≈≈§≈5≈≈#.P#...##.#
#.# #.#.#8P#55oK...#≈8#..###.#
#.# #.#[###############......#
#.# #.#.................<#######
#.# #.###############....[......
#.# #..........# #.########## #.#
##########.# #.#......... #.# #.#
#.#.########


You could see the friendly Titus the battlemage, an orc high priest, 2 kobold
demonologists, a smoke demon (summoned), 2 chaos spawn, a red devil (summoned),
2 orc priests, a crimson imp (summoned) and 4 shadow imps.

Vanquished Creatures
  Erolcha (D:10)
  A two-headed ogre (D:9)
  A centaur zombie (D:10)
  2 trolls
  Sigmund (D:3)
  5 yaks (D:9)
  2 steam dragons
  2 acid dragons
  2 ice beasts
  4 orc warriors
  A sky beast (D:7)
  2 ogres
  A centaur (D:8)
  A phantom (D:4)
  2 bullfrogs
  A water moccasin zombie (D:3)
  3 killer bees (D:10)
  8 wights
  2 howler monkeys (D:10)
  An orc priest (D:10)
  A jelly (D:7)
  A centaur skeleton (D:6)
  Natasha (twice) (D:3)
  2 iguanas
  3 orc wizards
  2 hell rats (D:8)
  A howler monkey zombie (D:8)
  2 river rats (D:8)
  6 adders
  A shadow imp (D:5)
  2 ufetubi (D:10)
  A worm (D:5)
  2 dart slugs
  10 orcs
  2 spectral bats (Ossuary)
  6 ball pythons
  An endoplasm (D:1)
  A giant cockroach (D:3)
  7 gnoll zombies (Ossuary)
  4 goblins
  8 hobgoblins
  7 kobolds
  5 quokkas
  4 bats
  3 bat simulacra (Ossuary)
  2 frilled lizards (D:2)
  2 goblin simulacra (Ossuary)
  2 goblin zombies (Ossuary)
  2 hobgoblin zombies (Ossuary)
  5 kobold simulacra (Ossuary)
  3 kobold zombies (Ossuary)
  4 orc zombies (Ossuary)
  9 rats
  A rat simulacrum (Ossuary)
  2 spectral goblins (Ossuary)
  2 spectral kobolds (Ossuary)
  A spectral rat (Ossuary)
162 creatures vanquished.

Vanquished Creatures (collateral kills)
  A two-headed ogre (D:8)
  3 death yaks (D:8)
  An ice devil (D:10)
  4 yaks (D:9)
  2 vampire mosquitoes (D:8)
  2 water moccasins
  A hornet zombie (D:6)
  A necrophage (D:5)
  An ogre (D:6)
  A centaur (D:10)
  A kobold brigand (D:7)
  A water moccasin skeleton (D:6)
  A killer bee (D:10)
  4 wights
  A bullfrog skeleton (D:7)
  3 centaur zombies
  A jelly (D:7)
  4 orc wizards
  3 iguanas
  A mummy (Ossuary)
  A howler monkey zombie (D:8)
  A howler monkey skeleton (D:7)
  4 ufetubi
  A worm (D:6)
  5 orcs
  A spectral bat (Ossuary)
  5 gnoll zombies (Ossuary)
  A kobold (D:7)
  A bat simulacrum (Ossuary)
  2 goblin zombies (Ossuary)
  A hobgoblin zombie (Ossuary)
  A kobold simulacrum (Ossuary)
  2 kobold zombies (Ossuary)
  2 orc zombies (Ossuary)
  A rat simulacrum (Ossuary)
66 creatures vanquished.

Vanquished Creatures (others)
  6 battlemagi
  7 plants (D:3)
13 creatures vanquished.

Grand Total: 241 creatures vanquished

Notes
Turn   | Place    | Note
-------+----------+-------------------------------------------
     0 | D:1      | issech the Troll Monk began the quest for the Orb.
     0 | D:1      | Reached XP level 1. HP: 22/22 MP: 0/0
   421 | D:1      | Reached XP level 2. HP: 29/29 MP: 1/1
   754 | D:2      | Reached skill level 3 in Maces & Flails
   975 | D:2      | Reached XP level 3. HP: 36/36 MP: 2/2
  1199 | D:3      | Noticed an ogre
  1213 | D:3      | Killed an ogre
  1214 | D:3      | Reached XP level 4. HP: 5/45 MP: 3/3
  1309 | D:3      | Noticed Natasha
  1318 | D:3      | Killed Natasha
  1319 | D:3      | Reached XP level 5. HP: 42/53 MP: 4/4
  1382 | D:3      | Noticed Sigmund
  1494 | D:3      | Killed Sigmund
  1495 | D:3      | Reached skill level 4 in Maces & Flails
  1495 | D:3      | Reached XP level 6. HP: 28/61 MP: 5/5
  1938 | D:3      | Found a faded altar of an unknown god.
  2070 | D:3      | Noticed Natasha
  2080 | D:3      | Found a hide-covered altar of Uskayaw.
  2097 | D:3      | Killed Natasha
  2898 | D:4      | Reached skill level 5 in Maces & Flails
  2898 | D:4      | Reached XP level 7. HP: 60/67 MP: 6/6
  3227 | D:5      | Entered Level 5 of the Dungeon
  3335 | D:5      | Reached skill level 6 in Maces & Flails
  3343 | D:5      | Found a staircase to the Ecumenical Temple.
  3358 | Temple   | Entered the Ecumenical Temple
  3439 | Temple   | Became a worshipper of Hepliaklqana the Forgotten
  3439 | Temple   | Reached * piety under Hepliaklqana
  3439 | Temple   | Reached ** piety under Hepliaklqana
  3440 | Temple   | Remembered your ancestor Titus as a battlemage
  4041 | D:6      | Found a snail-covered altar of Cheibriados.
  4097 | D:6      | Reached XP level 8. HP: 66/70 MP: 7/7
  4239 | D:6      | Reached skill level 7 in Maces & Flails
  4495 | D:6      | Identified a scroll of acquirement
  4497 | D:6      | Acquired the ring "Vauchol" {rPois rF+ Will+ Str+3}
  4516 | D:7      | Reached skill level 1 in Throwing
  4624 | D:7      | Reached skill level 8 in Maces & Flails
  4705 | D:7      | Found a sand-covered staircase.
  4723 | D:7      | Reached skill level 1 in Crossbows
  4731 | Ossuary  | Entered an ossuary
  5184 | D:7      | Reached XP level 9. HP: 66/76 MP: 8/8
  5356 | D:7      | Got the Guide on the Dark Compass
  5415 | D:7      | Reached *** piety under Hepliaklqana
  5531 | D:8      | Noticed a two-headed ogre
  5538 | D:8      | Killed a two-headed ogre
  5539 | D:8      | Reached skill level 9 in Maces & Flails
  5619 | D:8      | Found a transporter.
  5619 | D:8      | Noticed a kobold demonologist
  5628 | D:8      | Found a transporter.
  5636 | D:8      | Noticed an orc high priest
  5694 | D:8      | Noticed a death yak
  5699 | D:8      | Noticed a death yak
  5700 | D:8      | Noticed a death yak
  5741 | D:8      | Killed a death yak
  5744 | D:8      | Reached skill level 5 in Fighting
  5744 | D:8      | Reached skill level 5 in Dodging
  5746 | D:8      | Reached skill level 10 in Maces & Flails
  5780 | D:8      | Killed a death yak
  5781 | D:8      | Reached XP level 10. HP: 12/86 MP: 9/9
  5858 | D:8      | Killed a death yak
  6000 | D:8      | Reached skill level 11 in Maces & Flails
  6319 | D:8      | Found a staircase to the Lair.
  6564 | D:8      | Found a basalt altar of Yredelemnul.
  6906 | D:9      | Noticed a two-headed ogre
  6913 | D:9      | Killed a two-headed ogre
  7304 | D:9      | Found an ornate altar of the Wu Jian Council.
  7515 | D:9      | Reached skill level 12 in Maces & Flails
  7527 | D:9      | Reached XP level 11. HP: 56/94 MP: 10/10
  7577 | D:9      | Reached **** piety under Hepliaklqana
  7743 | D:10     | Entered Level 10 of the Dungeon
  7924 | D:10     | Noticed Erolcha
  7931 | D:10     | Killed Erolcha
  9251 | D:8      | HP: 4/94 [chaos spawn[a kobold demonologist] (7)]
  9251 | D:8      | Mangled by a chaos spawn

Illustrated notes

Levels and vault maps discovered:
D:1:      lemuel_arrival_lava_pool, layout_loops_ring
D:2:      layout_rooms, minmay_goblin_kobold_house
D:3:      layout_basic, old_standard_altar, serial_forest,
          infiniplex_forest_clump_C, infiniplex_forest_clump_medium,
          infiniplex_forest_lined_corner, infiniplex_forest_pool,
          infiniplex_forest_clump_curved, infiniplex_forest_diagonal,
          hellmonk_ecumenical_altar_inner_sanctum, uniq_natasha, uniq_sigmund
D:4:      layout_basic
D:5:      layout_rooms, temple_fountains
D:6:      layout_rooms, cheibrodos_worm_habitat, minmay_misc_feat_ornament
D:7:      layout_rooms, nicolae_ossuary_entry_ruins,
          minmay_fractal_squares_gapless_5
D:8:      gammafunk_wand_slinger, layout_basic, lemuel_zombie_altar_yredelemnul,
          dpeg_lair_monsters, ebering_dispersal_statue_hall
D:9:      layout_roguey, nicolae_wu_jian_wuxing_cycle, st_stairs_12,
          nrook_mini_vaults
D:10:     cheibrodos_frozen_isle, layout_loops_ring, uniq_erolcha
Temple:   dpeg_five_rooms_temple

Skill      XL: |  1  2  3  4  5  6  7  8  9 10 |
---------------+-------------------------------+-----
Maces & Flails | 3 4 5 6 8 10 12 | 12.7
Fighting       | 3 4 5 6 |  6.3
Dodging        | 3 4 5 |  5.8
Throwing       | 1 |  1.5
Stealth        | 2 3 |  3.9
Crossbows      | 1 |  1.3
Armour         | |  0.5

Action                   |  1- 3 |  4- 6 |  7- 9 | 10-12 || total
-------------------------+-------+-------+-------+-------++-------
Melee: Mace              |    47 |       |       |       ||    47
       Flail             |     6 |     8 |       |       ||    14
       Giant club        |       |   113 |    18 |       ||   131
       Giant spiked club |       |       |   154 |   199 ||   353
 Fire: Arbalest          |       |       |    17 |    23 ||    40
Throw: Dart              |     6 |       |       |       ||     6
       Stone             |       |     7 |    11 |    15 ||    33
Invok: Ancestor Life: Ba |       |       |     1 |       ||     1
  Use: Scroll            |       |       |    12 |     1 ||    13
 Stab: Sleeping          |       |     1 |     9 |     4 ||    14
       Distracted        |       |       |     2 |     1 ||     3
Armor: Robe              |    30 |    35 |    76 |    29 ||   170
       Skin              |       |     4 |       |       ||     4
       Acid dragon scale |       |       |       |    49 ||    49
Dodge: Dodged            |    44 |    92 |   108 |   214 ||   458
